 Dungeon Crawl Stone Soup version 0.24-a0-789-g35933f4585 (webtiles) character file.

Game seed: 1423079777469779960, levelgen mode: deterministic

116 Amen the Conjurer (level 4, -13/24 HPs)
             Began as a Deep Elf Conjurer on Oct 10, 2019.
             Mangled by an ogre
             ... wielding a +0 giant spiked club
              (15 damage)
             ... on level 4 of the Dungeon.
             The game lasted 00:08:33 (2707 turns).

Amen the Conjurer (Deep Elf Conjurer)               Turns: 2707, Time: 00:08:33

Health: -13/24     AC:  2    Str:  6    XL:     4   Next: 70%
Magic:  6/12       EV: 13    Int: 20    God:
Gold:   95         SH:  0    Dex: 15    Spells: 11/12 levels left

rFire    . . .     SeeInvis .   f - +1 whip (holy)
rCold    . . .     Gourm    .   (no shield)
rNeg     . . .     Faith    .   a - +0 robe
rPois    .         Spirit   .   (no helmet)
rElec    .         Reflect  .   (no cloak)
rCorr    .         Harm     .   (no gloves)
MR       .....                  (no boots)
Stlth    ++........             (no amulet)
HPRegen  0.08/turn              (no ring)
MPRegen  0.13/turn              (no ring)

@: no status effects
A: no striking features
a: no special abilities


You were on level 4 of the Dungeon.
You were hungry.

You visited 1 branch of the dungeon, and saw 4 of its levels.

You collected 95 gold pieces.

Inventory:

Hand Weapons
 f - a +1 whip of holy wrath (weapon)
Armour
 a - a +0 robe (worn)
Jewellery
 e - a cursed ring of teleportation {unknown}
Wands
 g - a wand of paralysis (4)
Scrolls
 k - 2 scrolls of fear
Potions
 b - 2 potions of invisibility {unknown}
 i - a potion of heal wounds
Comestibles
 c - 6 rations


   Skills:
 - Level 2.4 Dodging
 - Level 2.4 Stealth
 + Level 4.5 Spellcasting
 * Level 6.1 Conjurations


You had 11 spell levels left.
You knew the following spells:

 Your Spells              Type           Power        Failure   Level  Hunger
a - Magic Dart            Conj           ####         1%          1    None

Your spell library contained the following spells:

 Spells                   Type           Power        Failure   Level  Hunger
 Searing Ray              Conj           ####..       1%          2    #......
 Iskenderun's Mystic Bla  Conj           ####....     10%         4    ####...
 Dazzling Spray           Conj/Hex       ###...       11%         3    ##.....
 Force Lance              Conj/Tloc      ###.....     34%         4    ####...
 Fulminant Prism          Conj/Hex       ###.......   34%         4    ####...


Dungeon Overview and Level Annotations

Branches:
Dungeon (4/15)
 Temple: D:4-7

Altars:
Cheibriados
Hepliaklqana
Uskayaw
Yredelemnul
The Shining One

Annotations:
D:2 1 runed translucent door, Crazy Yiuf
D:3 Sigmund


Message History

The ogre hits you with a +0 giant spiked club!!
Ouch! That really hurt!
* * * LOW HITPOINT WARNING * * *
Casting: Magic Dart (safe; 1% risk of failure)
Confirm with . or Enter, or press ? or * to list all spells.
Aiming: Magic Dart (safe; 1% risk of failure)
Press: ? - help, Shift-Dir - straight line, f/p - ogre
Aim: an ogre, wielding a +0 giant spiked club (almost dead)
The magic dart hits the ogre.
The ogre is almost dead.
Casting: Magic Dart (safe; 1% risk of failure)
Confirm with . or Enter, or press ? or * to list all spells.
Aiming: Magic Dart (safe; 1% risk of failure)
Press: ? - help, Shift-Dir - straight line, f/p - ogre
Aim: an ogre, wielding a +0 giant spiked club (almost dead)
The magic dart hits the ogre.
The ogre is almost dead.
The ogre hits you with a +0 giant spiked club!
Ouch! That really hurt!
You die...

.# #.# #.# #.#
######.# #.#
#..<...# #.#
#.##########.#
#......@O....#
###.########.#
#.# #.# ###
###


You could see an ogre.

Vanquished Creatures
  4 adders
  An ooze (D:1)
  A worm (D:3)
  2 dart slugs
  A leopard gecko (D:1)
  2 orcs (D:3)
  7 giant cockroaches
  A goblin (D:1)
  8 hobgoblins
  6 jackals
  7 kobolds
  9 bats
  3 frilled lizards
  12 rats
64 creatures vanquished.

Vanquished Creatures (others)
  A kobold (D:2)
1 creature vanquished.

Grand Total: 65 creatures vanquished

Notes
Turn   | Place    | Note
-------+----------+-------------------------------------------
     0 | D:1      | Amen the Deep Elf Conjurer began the quest for the Orb.
     0 | D:1      | Reached XP level 1. HP: 10/10 MP: 6/6
   116 | D:1      | Reached XP level 2. HP: 11/15 MP: 0/8
   562 | D:1      | Reached skill level 5 in Conjurations
   893 | D:1      | Reached XP level 3. HP: 16/19 MP: 10/10
  1253 | D:2      | Found a faded altar of an unknown god.
  1253 | D:2      | Found a hazy altar of Hepliaklqana.
  1258 | D:2      | Found a hide-covered altar of Uskayaw.
  1260 | D:2      | Found a faded altar of an unknown god.
  1263 | D:2      | Found a snail-covered altar of Cheibriados.
  2087 | D:2      | Reached XP level 4. HP: 18/24 MP: 10/12
  2151 | D:2      | Found a basalt altar of Yredelemnul.
  2154 | D:2      | Found a glowing golden altar of the Shining One.
  2156 | D:2      | Noticed an angel
  2164 | D:2      | Noticed a profane servitor
  2352 | D:2      | Found a runed translucent door.
  2353 | D:2      | Noticed Crazy Yiuf
  2504 | D:2      | Reached skill level 6 in Conjurations
  2666 | D:3      | Noticed Sigmund
  2694 | D:4      | Noticed an ogre
  2707 | D:4      | Mangled by an ogre

Levels and vault maps discovered:
D:1:      dpeg_arrival_signposts, layout_loops_ring
D:2:      layout_loops_corners, grunt_temple_overflow_holy_war,
          chequers_temple_overflow_minitemple, uniq_crazy_yiuf_cottage
D:3:      layout_rooms, gup_sewer_entry_pipe, uniq_jessica, uniq_sigmund
D:4:      layout_basic, nicolae_overflow_crystal_walls, enter_ossuary_4,
          first_ration, uniq_eustachio, uniq_ijyb

Skill      XL: |  1  2  3  4 |
---------------+-------------+-----
Conjurations   | 5 6 |  6.1
Spellcasting   | 4 |  4.5
Dodging        | |  2.4
Stealth        | |  2.4

Action                   |  1- 3 |  4- 6 || total
-------------------------+-------+-------++-------
Melee: Unarmed           |    27 |       ||    27
       Dagger            |    34 |       ||    34
       Whip              |    37 |    26 ||    63
 Cast: Magic Dart        |    65 |    38 ||   103
  Use: Scroll            |       |     3 ||     3
 Stab: Sleeping          |     3 |       ||     3
  Eat: Chunk             |     3 |     2 ||     5
Armor: Robe              |    27 |     9 ||    36
Dodge: Dodged            |    76 |    33 ||   109

Table legend:
 A = Non-vault XP
 B = Vault XP
 C = Vault XP percentage of total XP
 D = Non-vault monster count
 E = Vault monster count
 F = Vault count percentage of total count
                 A         B        C        D         E       F
            +---------+---------+-------+---------+---------+-------
      Total |     167 |       0 |   0.0 |      64 |       0 |   0.0
            +---------+---------+-------+---------+---------+-------
        D:1 |      58 |       0 |   0.0 |      31 |       0 |   0.0
        D:2 |      81 |       0 |   0.0 |      27 |       0 |   0.0
        D:3 |      15 |       0 |   0.0 |       5 |       0 |   0.0
        D:4 |      13 |       0 |   0.0 |       1 |       0 |   0.0
            +---------+---------+-------+---------+---------+-------
